 Dungeon Crawl Stone Soup version 0.22-a0-422-g9628fc8 (webtiles) character file.

213 Borgoz the Skirmisher (level 5, 0/33 HPs)
             Began as a Gargoyle Abyssal Knight on May 19, 2018.
             Was a Follower of Lugonu.
             Killed from afar by an orc wizard (8 damage)
             ... with a magic dart
             ... on level 2 of the Dungeon.
             The game lasted 00:03:48 (1863 turns).

Borgoz the Skirmisher (Gargoyle Abyssal Knight)     Turns: 1863, Time: 00:03:49

Health: 0/33       AC:  7    Str: 16    XL:     5   Next: 90%
Magic:  7/7        EV: 12    Int: 12    God:    Lugonu [*.....]
Gold:   188        SH:  0    Dex: 10    Spells: 4/4 levels left

rFire    . . .     SeeInvis .   a - +1 hand axe
rCold    . . .     Gourm    .   (no shield)
rNeg     + . .     Faith    .   b - +0 leather armour
rPois    ∞         Spirit   .   (no helmet)
rElec    +         Reflect  .   (no cloak)
rCorr    .         Harm     .   (no gloves)
MR       .....                  (no boots)
Stlth    ++........             (no amulet)
HPRegen  0.11/turn              e - ring of stealth
MPRegen  0.10/turn              (no ring)

@: very slightly contaminated
A: negative energy resistance 1, electricity resistance, unbreathing,
petrification resistance, rot immunity, AC +4
a: Depart the Abyss, Renounce Religion


You were on level 2 of the Dungeon.
You worshipped Lugonu.
Lugonu was aware of your devotion.
You were not hungry.

You visited 1 branch of the dungeon, and saw 2 of its levels.
You visited the Abyss 1 time.

You collected 188 gold pieces.

Inventory:

Hand Weapons
 a - a +1 hand axe (weapon)
Armour
 b - a +0 leather armour (worn)
Jewellery
 e - a ring of stealth (left hand)
Scrolls
 f - a scroll of immolation
 g - a scroll of remove curse
 j - a scroll of enchant armour {unknown}
Comestibles
 c - 6 rations
 h - 4 chunks of flesh


   Skills:
 + Level 4.0 Fighting
 * Level 3.2 Axes
 + Level 3.0 Armour
 * Level 2.5 Dodging
 + Level 2.9 Invocations


You had 4 spell levels left.
You didn't know any spells.
Your spell library was empty.

Dungeon Overview and Level Annotations

Branches:
Dungeon (2/15)

Altars:
Makhleb


Innate Abilities, Weirdness & Mutations

You are resistant to torment.
Your stone body is resilient. (AC +4)
You are immune to poison.
You resist negative energy. (rN+)
You are resistant to electric shocks. (rElec)
You can survive without breathing.
You are immune to petrification.
You are immune to rotting.


Message History

The orc barely misses you.
As you read the scroll labeled NOTOMO BYLALYA, it crumbles to dust.
You smell burning hair.
It was a scroll of random uselessness.
The orc wizard mumbles some strange words.
The orc wizard blinks!
As you read the scroll labeled PEORCH IWKET, it crumbles to dust.
The scroll dissolves into smoke.
It was a scroll of fog.
Blink to where?
Press: ? - help, Dir - move target cursor You are very lightly contaminated with residual magic.
As you read the scroll labeled BUMYVU PILU, it crumbles to dust.
It was a scroll of blinking.
You see here an adder corpse.
You butcher the adder corpse.
The orc wizard closely misses you.
You see here a chunk of flesh.
You closely miss the orc wizard.
The orc wizard is moderately wounded.
The orc wizard gestures at you while chanting.
The magic dart hits you!
You die...

.... #.# ... #.#.
#.# ... #... #.#
......##.. #.#
#.##..##..## #.#
...........# #.#
.........>.# ###.###
)###..####.###..§§.#
..............§#@#.#
...........####§o###
#.......#..# #§##
#.#...#.#..# #§#
#.......#..# #§#
#.......#..####§##
#.......#.....§oo#
#.#...#.#.#####..#
#.......#.#####..#


You could see an orc wizard.

Vanquished Creatures
  An ogre (D:2)
  An orc priest (D:2)
  4 adders (D:2)
  A worm (D:2)
  3 dart slugs (D:1)
  2 leopard geckos
  2 orcs (D:2)
  2 giant cockroaches
  6 goblins
  2 hobgoblins
  7 jackals
  A quokka (D:2)
  2 ball pythons (D:1)
  4 bats
  A frilled lizard (D:1)
  10 kobolds
  2 rats
51 creatures vanquished.

Notes
Turn   | Place    | Note
-------+----------+-------------------------------------------
     0 | Abyss:1  | Borgoz the Gargoyle Abyssal Knight began the quest for the Orb.
     0 | Abyss:1  | Reached XP level 1. HP: 14/14 MP: 2/2
    50 | Abyss:1  | Noticed a small abomination
    57 | D:1      | Escaped the Abyss
   233 | D:1      | Reached skill level 1 in Dodging
   243 | D:1      | Reached XP level 2. HP: 19/19 MP: 3/3
   330 | D:1      | Reached * piety under Lugonu
   499 | D:1      | Reached XP level 3. HP: 23/23 MP: 4/4
  1173 | D:2      | Reached XP level 4. HP: 23/28 MP: 5/5
  1492 | D:2      | Noticed an ogre
  1501 | D:2      | Killed an ogre
  1501 | D:2      | Reached XP level 5. HP: 10/33 MP: 5/7
  1817 | D:2      | Found a burning altar of Makhleb.
  1854 | D:2      | Reached skill level 4 in Fighting
  1863 | D:2      | Killed from afar by an orc wizard

Vault maps used:
D:1:      minmay_arrival_glassed_features, serial_park_tiny_1,
          nrook_loot_triangle, kennysheep_boxes
D:2:      cheibrodos_pilgrimage, lemuel_crystal_altar

Skill      XL: |  1  2  3  4  5 |
---------------+----------------+-----
Dodging        | 1 2 |  2.5
Axes           | 2 3 |  3.2
Fighting       | 4 |  4.0
Armour         | 3 |  3.0
Invocations    | |  2.9

Action                   |  1- 3 |  4- 6 || total
-------------------------+-------+-------++-------
Melee: Hand axe          |   137 |    55 ||   192
Invok: Depart the Abyss  |     1 |       ||     1
  Use: Scroll            |     3 |     4 ||     7
       Potion            |       |     2 ||     2
 Stab: Sleeping          |     2 |     2 ||     4
       Distracted        |     1 |     1 ||     2
  Eat: Chunk             |       |     3 ||     3
Armor: Leather armour    |    73 |    29 ||   102
Dodge: Dodged            |   112 |    44 ||   156

Table legend:
 A = Spawn XP
 B = Non-spawn XP
 C = Spawn XP percentage of total XP
 D = Spawn monster count
 E = Non-spawn monster count
 F = Spawn count percentage of total count
 G = Total turns spent on level
                    A         B        C        D         E        F      G
               +---------+---------+-------+---------+---------+-------+---------
         Total |       0 |     305 |   0.0 |       0 |      51 |   0.0 |  1863
               +---------+---------+-------+---------+---------+-------+---------
           D:1 |       0 |      55 |   0.0 |       0 |      29 |   0.0 |   745
           D:2 |       0 |     250 |   0.0 |       0 |      22 |   0.0 |  1061
               +---------+---------+-------+---------+---------+-------+---------
